 Dungeon Crawl Stone Soup version 0.20.0-8-g6b59dc7 (webtiles) character file.

494 Darkell the Chopper (level 7, 0/61 HPs)
             Began as a Hill Orc Fighter on May 30, 2017.
             Succumbed to a gnoll's poison
             ... on level 4 of the Dungeon.
             The game lasted 00:05:06 (3412 turns).

Darkell the Chopper (Hill Orc Fighter)              Turns: 3412, Time: 00:05:07

Health: 0/61       AC: 10    Str: 26    XL:     7   Next: 15%
Magic:  7/7        EV:  8    Int: 10    God:
Gold:   149        SH: 10    Dex: 10    Spells: 6/6 levels left

rFire    . . .     SeeInvis .   a - +0 war axe
rCold    . . .     Gourm    .   c - +0 shield
rNeg     . . .     Faith    .   b - +0 scale mail
rPois    .         Spirit   .   o - +0 helmet
rElec    .         Reflect  .   (no cloak)
rCorr    .         Harm     .   n - +1 pair of gloves
MR       .....     Clarity  +   (no boots)
Stlth    ..........             (no amulet)
Regen    0.2/turn               (no ring)
MPRegen  0.1/turn               (no ring)

@: mighty, lethally poisoned (0 -> -25)
A: clarity, clever 1, MP-powered wands
a: no special abilities


You were on level 4 of the Dungeon.
You were not hungry.

You visited 1 branch of the dungeon, and saw 4 of its levels.

You collected 149 gold pieces.

Inventory:

Hand Weapons
 a - a +0 war axe (weapon)
Armour
 b - a +0 scale mail (worn)
 c - a +0 shield (worn)
 n - a +1 pair of gloves (worn)
 o - a +0 helmet (worn)
Wands
 l - a wand of random effects (33/48)
Scrolls
 d - a scroll of enchant armour {unknown}
 e - 2 scrolls of fear {unknown}
 h - a scroll of teleportation {unknown}
 i - a scroll of remove curse {unknown}
 j - 6 scrolls of identify {unknown}
 m - 2 scrolls of recharging {unknown}
 p - a scroll of magic mapping {unknown}
 s - a scroll of enchant weapon {unknown}
Comestibles
 f - 4 bread rations
 g - 8 fruits
 r - 2 royal jellies


   Skills:
 + Level 5.2 Fighting
 + Level 6.3 Axes
 + Level 4.4 Armour
 + Level 1.5 Dodging
 + Level 0.3 Stealth
 + Level 4.8 Shields


You had 6 spell levels left.
You didn't know any spells.

Dungeon Overview and Level Annotations

Branches:
Dungeon (4/15)
 Temple: D:4-7

Altars:
Kikubaaqudgha
Nemelex Xobeh
Sif Muna
Trog
Xom
Yredelemnul


Innate Abilities, Weirdness & Mutations

You possess an exceptional clarity of mind.
Your mind is acute. (Int +2)
You expend magic power (3 MP) to strengthen your wands.


Message History

You feel very sick. The gnoll hits you but does no damage.
It was a potion of mutation.
You feel extremely strange.
Your thoughts seem clearer.
You feel your magical essence link to your wands.
You feel clever.
* * * LOW HITPOINT WARNING * * *
You feel very sick. You block the gnoll's attack.
You feel very mighty all of a sudden.
* * * LOW HITPOINT WARNING * * *
You feel very sick. You block the gnoll's attack.
The gnoll hits you but does no damage.
* * * LOW HITPOINT WARNING * * *
You feel sick. The gnoll closely misses you.
You slash the gnoll!
You kill the gnoll!
You slash the dart slug!
You kill the dart slug!
You die...

#..........#..#
.....).g#..#..#
..###.........#
#.........#
#.#....##.###
#.#....#.w.g#
#.#....#.†#g#
##.#....#..#)# #..
........#^.#@#
#..# #.##........#
#..# #...........#
#..# #..#...#....#
#..# #..#...#....#
#..# #..#.†......#
#..###..#......#.#
............##.#.#
#...........##.#.#


You could see 2 gnolls.

Vanquished Creatures
  Menkaure (D:3)
  A phantom (D:4)
  A gnoll shaman (D:4)
  An orc priest (D:3)
  An orc wizard (D:3)
  Jessica (D:2)
  A worker ant zombie (D:3)
  2 gnolls
  4 adders
  An ooze (D:1)
  2 worms (D:2)
  8 dart slugs
  A leopard gecko (D:1)
  4 orcs
  6 giant cockroaches
  6 hobgoblins
  7 jackals (D:3)
  8 bats
  6 frilled lizards
  A giant cockroach zombie (D:3)
  8 goblins
  12 kobolds
  A quokka skeleton (D:3)
  6 rats
90 creatures vanquished.

Vanquished Creatures (others)
  An orc (D:3)
  A giant cockroach (D:3)
2 creatures vanquished.

Grand Total: 92 creatures vanquished

Notes
Turn   | Place    | Note
-------+----------+-------------------------------------------
     0 | D:1      | Darkell the Hill Orc Fighter began the quest for the Orb.
     0 | D:1      | Reached XP level 1. HP: 19/19 MP: 1/1
   149 | D:1      | Reached XP level 2. HP: 27/27 MP: 2/2
   668 | D:1      | Reached XP level 3. HP: 31/33 MP: 3/3
   794 | D:1      | Reached skill level 3 in Axes
   835 | D:2      | Noticed Jessica
   843 | D:2      | Killed Jessica
   843 | D:2      | Reached XP level 4. HP: 20/41 MP: 4/4
   927 | D:2      | Found a shimmering altar of Xom.
  1233 | D:2      | Reached skill level 1 in Dodging
  1670 | D:2      | Reached skill level 4 in Axes
  1900 | D:3      | Found a transporter.
  1924 | D:3      | Reached XP level 5. HP: 8/47 MP: 5/5
  2229 | D:3      | Found a transporter.
  2232 | D:3      | Noticed Menkaure
  2232 | D:3      | Found an ancient bone altar of Kikubaaqudgha.
  2232 | D:3      | Found a basalt altar of Yredelemnul.
  2443 | D:3      | HP: 1/47 [Menkaure (3)]
  2445 | D:3      | Killed Menkaure
  2445 | D:3      | Reached skill level 5 in Fighting
  2445 | D:3      | Reached skill level 5 in Axes
  2445 | D:3      | Reached XP level 6. HP: 2/56 MP: 6/6
  2771 | D:3      | Found a bloodstained altar of Trog.
  2874 | D:3      | Found a deep blue altar of Sif Muna.
  3063 | D:3      | Found a faded altar of an unknown god.
  3099 | D:3      | Found a sparkling altar of Nemelex Xobeh.
  3231 | D:4      | Noticed a phantom
  3256 | D:4      | Killed a phantom
  3256 | D:4      | Reached skill level 6 in Axes
  3324 | D:4      | Reached XP level 7. HP: 61/61 MP: 7/7
  3409 | D:4      | Gained mutation: You possess an exceptional clarity of mind. [potion of mutation]
  3409 | D:4      | Gained mutation: You expend magic power (3 MP) to strengthen your wands. [potion of mutation]
  3409 | D:4      | Gained mutation: Your mind is acute. (Int +2) [potion of mutation]
  3411 | D:4      | HP: 3/61 [poisoned by a gnoll]
  3412 | D:4      | Succumbed to a gnoll's poison

Skill      XL: |  1  2  3  4  5  6 |
---------------+-------------------+-----
Fighting       | 4 5 |  5.2
Axes           | 3 4 5 6 |  6.3
Dodging        | 1 |  1.5
Shields        | 4 |  4.8
Armour         | 4 |  4.4
Stealth        | |  0.3

Action                   |  1- 3 |  4- 6 |  7- 9 || total
-------------------------+-------+-------+-------++-------
Melee: War axe           |    77 |   179 |    20 ||   276
  Use: Potion            |       |     5 |     2 ||     7
  Eat: Chunk             |       |     7 |     1 ||     8
Armor: Scale mail        |    39 |    92 |    13 ||   144
Dodge: Dodged            |    29 |    69 |     5 ||   103
Block: Shield            |    50 |   102 |    18 ||   170
